 Dungeon Crawl Stone Soup version 0.16-a0-1183-g5b05a17 (webtiles) character file.

5761 RobertPalmer the Basher (level 10, -15/52 (60) HPs)
             Began as an Octopode Gladiator on Oct 10, 2014.
             Shot with an arrow by a centaur warrior (22 damage)
             ... on level 10 of the Dungeon.
             The game lasted 00:33:37 (11536 turns).

RobertPalmer the Basher (Octopode Gladiator)       Turns: 11536, Time: 00:33:38

HP:   -15/52 (60)   AC:  3    Str: 14    XL:     10   Next: 78%
MP:   10/10         EV: 20    Int: 15    God:
Gold: 552           SH:  0    Dex: 13    Spells: 4 memorised, 2 levels left

rFire  . . .     SeeInvis +     a - +8 spear of Cocytus {elec, +Rage +Fly}
rCold  . . .     Clarity  .     (no shield)
rNeg   . . .     SustAb   .     c - +2 hat
rPois  .         Gourm    .     (no amulet)
rElec  .         Spirit   .     r - ring of see invisible
rCorr  .         Warding  .     i - +1 ring of intelligence
rMut   .         Stasis   .     d - cursed +3 ring of evasion
MR     .....                    (no ring)
Stlth  ++........               (no ring)
                                (no ring)
                                (no ring)
                                (no ring)

@: lethally poisoned, flying, not resistant to hostile enchantments, unstealthy
A: almost no armour, amphibious, 8 rings, constrict 8, camouflage 1, gelatinous
body 1
a: Evoke Berserk Rage


You were on level 10 of the Dungeon.
You were hungry.

You visited 1 branch of the dungeon, and saw 10 of its levels.
You also visited: Sewer.

You collected 552 gold pieces.


Innate Abilities, Weirdness & Mutations

You cannot wear most types of armour.
You are amphibious.
You can wear up to eight rings at the same time.
You can use your tentacles to constrict many enemies at once.
Your skin changes colour to match your surroundings (Stealth).
Your rubbery body absorbs attacks (AC +1).


   Skills:
 - Level 2.0 Fighting
 - Level 9.8 Maces & Flails
 - Level 9.1 Polearms
 - Level 2.0 Throwing
 - Level 9.0 Dodging
 + Level 2.8 Conjurations


You had 2 spell levels left.
You knew the following spells:

 Your Spells              Type           Power        Failure   Level  Hunger
b - Blink                 Tloc           N/A          38%         2    ###....
c - Mephitic Cloud        Conj/Pois/Air  #.......     69%         3    ####...
R - Summon Butterflies    Summ           #.......     28%         1    ##.....
Z - Animate Skeleton      Necr           N/A          28%         1    ##.....

Inventory:

Hand weapons
 a - the +8 spear of Cocytus (weapon) {elec, +Rage +Fly}
   (You found it on level 5 of the Dungeon)

   Occasionally, upon striking a foe, it will discharge some electrical energy
   and cause terrible harm.
   It lets you fly.
   It lets you go berserk.
Missiles
 m - 7 poisoned needles
Armour
 c - a +2 hat (worn)
Magical devices
 o - a wand of teleportation (0) {!d}
Comestibles
 f - 4 bread rations
 g - 2 beef jerkies
 h - 3 rotting chunks of orc flesh {@*1}
 j - 2 rotting chunks of goblin flesh {@*1}
 k - a chunk of adder flesh {@*1}
 q - 8 meat rations
Scrolls
 b - 10 scrolls of remove curse
 l - 2 scrolls of amnesia
 p - a scroll of immolation {!r}
Jewellery
 d - a cursed +3 ring of evasion (on tentacle)
 i - a +1 ring of intelligence (right tentacle)
 r - a ring of see invisible (left tentacle)
Potions
 t - 3 potions of cancellation
 z - 3 potions of restore abilities
Books
 u - a book of Party Tricks
 C - a book of Clouds
 E - a book of Necromancy
 F - a book of the Warp
 G - a book of Spatial Translocations
 H - a book of Flames
Rods
 y - a -2 rod of striking (14/14)
   (You found it on level 10 of the Dungeon)

Dungeon Overview and Level Annotations

Branches:
Dungeon (10/15)            Temple (0/1) D:4             Orc (0/4) D:10
   Lair: D:8-11

Altars:
Cheibriados
Elyvilon
Makhleb
Nemelex Xobeh
Okawaru
Trog
Vehumet
Xom

Shops:
D:4 [

Annotations:
D:3 Psiweapon's ghost, average KoAK
D:7 miro's ghost, experienced DrFE
D:9 Scisco's ghost, experienced MfIE
D:10 Harold

#.. ## ### ## . #...c. #..
###.#####
.####....##....#......b.
#... ..............####.
#... #..............#### ##
#..##.......##.##...###
##.# #......##..##. ##.....
#...# #....###..##.###.....
#...###.##@.##..##.........
##....(###y##.b.##...###..
#.#....# ##....b...#####.#
#.#...# #gZ#####.......#
##....# #.## #.?..#..#
##...###..# #.#####.#
##<...##.## #.# #.
###...#.....# ##.# #.
#....##..##..# #..# ##.


You could see a centaur warrior, a killer bee, a hobgoblin and a troll skeleton.


Message History

You feel sick.
A hobgoblin comes into view. It is wielding a club.
You feel sick.
You feel sick.
You feel sick. The hobgoblin closely misses you.
You feel sick.
You feel sick.
You feel sick.
You feel sick.
Found a scroll of identify.
You feel sick.
You feel sick.
A troll skeleton comes into view.
Here: a troll skeleton (hasn't noticed you)
The floor.
The hobgoblin misses you.
You feel sick. The killer bee completely misses you.
You are feeling hungry.
The centaur warrior shouts!
The centaur warrior wields a longbow.
The centaur warrior shoots an arrow.
The arrow misses you. The killer bee stings you!
* * * LOW HITPOINT WARNING * * *
You see here an arrow.
Drink which item? (? for menu, Esc to quit)
You feel very buoyant.
You fly up into the air.
It was a potion of flight.
The killer bee barely misses you.
The centaur warrior shoots an arrow.
The arrow hits you!!
You die...

Action                   |  1- 3 |  4- 6 |  7- 9 | 10-12 || total
-------------------------+-------+-------+-------+-------++-------
Melee: Flail             |    73 |    91 |   111 |       ||   275
       Spear             |       |       |   177 |   226 ||   403
Throw: Throwing net      |       |     2 |     3 |     1 ||     6
 Cast: Animate Skeleton  |       |       |     1 |     5 ||     6
       Summon Butterflie |       |       |       |     1 ||     1
 Abil: Evoke Berserk Rag |       |       |     1 |       ||     1
Evoke: Wand              |       |     2 |    12 |     1 ||    15
  Use: Scroll            |     4 |     6 |     4 |    13 ||    27
       Potion            |       |       |     1 |    11 ||    12
 Stab: Sleeping          |     4 |     3 |     7 |     8 ||    22
       Held in net/web   |       |     1 |     2 |     3 ||     6
       Distracted        |       |       |       |     3 ||     3
  Eat: Chunk             |     2 |     7 |    11 |    10 ||    30
       Beef jerky        |       |       |     1 |       ||     1
       Pizza             |       |       |     1 |     1 ||     2

Vault maps used:
D:1:      dpeg_arrival_shelter
D:2:      bloody_trog, uniq_sigmund, uniq_jessica
D:3:      uniq_natasha
D:4:      amethyst_overflow_temple_binary, minmay_temple_entry_overgrown,
          serial_shops, kennysheep_mini_moat, first_bread, minmay_ogre_servants
D:5:      gup_sewer_entry_pipe, small_statue_alley_b, uniq_prince_ribbit1
D:6:      kennysheep_generic_room_8
D:7:      nicolae_overflow_hidden_temple, grunt_livestock, minmay_liquid_box,
          grunt_ministairs_5, minmay_tree_intersection,
          kennysheep_generic_room_11
D:8:      kennysheep_mini, nemelex_altar_shiori, uniq_maurice
D:10:     hangedman_screamer, orc_0_dummy, uniq_harold
Sewer:    sewer_frog_island_01

Notes
Turn   | Place    | Note
--------------------------------------------------------------
     0 | D:1      | RobertPalmer, the Octopode Gladiator, began the quest for the Orb.
     0 | D:1      | Reached XP level 1. HP: 14/14 MP: 1/1
   218 | D:1      | Reached XP level 2. HP: 8/19 MP: 2/2
   743 | D:2      | Reached skill level 4 in Maces & Flails
   743 | D:2      | Reached XP level 3. HP: 22/24 MP: 3/3
  1111 | D:2      | Found a bloodstained altar of Trog.
  1705 | D:2      | Reached XP level 4. HP: 20/29 MP: 4/4
  2016 | D:2      | Noticed Jessica
  2017 | D:2      | Noticed Sigmund
  2031 | D:2      | Killed Jessica
  2031 | D:2      | Reached skill level 5 in Maces & Flails
  2073 | D:2      | Killed Sigmund
  2073 | D:2      | Reached XP level 5. HP: 19/34 MP: 5/5
  2399 | D:3      | Reached skill level 6 in Maces & Flails
  2419 | D:3      | Noticed Natasha
  2424 | D:3      | Killed Natasha
  2465 | D:3      | Noticed Psiweapon's ghost (average KoAK)
  2538 | D:3      | Noticed Natasha
  2543 | D:3      | Killed Natasha
  3083 | D:3      | Reached XP level 6. HP: 39/39 MP: 6/6
  3119 | D:3      | Noticed Natasha
  3125 | D:3      | Killed Natasha
  3359 | D:4      | Reached skill level 7 in Maces & Flails
  3707 | D:4      | Found a staircase to the Ecumenical Temple.
  3797 | D:4      | Reached XP level 7. HP: 35/45 MP: 7/7
  3798 | D:4      | Noticed Kashira's ghost (average VSFi)
  4223 | D:4      | Identified a wand of teleportation (You found it on level 4 of the Dungeon)
  4238 | D:5      | Entered Level 5 of the Dungeon
  4264 | D:5      | Reached skill level 8 in Maces & Flails
  4484 | D:5      | Noticed Prince Ribbit
  4489 | D:5      | Killed Prince Ribbit
  4489 | D:5      | Reached skill level 9 in Maces & Flails
  4533 | D:5      | Reached XP level 8. HP: 40/50 MP: 8/8
  4564 | D:5      | Found a glowing drain.
  4581 | Sewer    | Entered a sewer
  4693 | Sewer    | Noticed Scisco's ghost (experienced DECj)
  5186 | D:5      | Learned a level 2 spell: Blink
  5190 | D:5      | Learned a level 3 spell: Mephitic Cloud
  5313 | D:5      | Reached skill level 1 in Conjurations
  5331 | D:5      | Got a polished spear
  5332 | D:5      | Identified the +8 spear of Cocytus {elec, +Rage +Fly} (You found it on level 5 of the Dungeon)
  5527 | D:5      | Reached skill level 2 in Polearms
  5819 | D:6      | Reached skill level 3 in Polearms
  5952 | D:6      | Reached skill level 4 in Polearms
  6459 | D:6      | Reached skill level 5 in Polearms
  6569 | D:6      | Reached XP level 9. HP: 46/54 MP: 9/9
  6590 | D:6      | Learned a level 1 spell: Animate Skeleton
  6592 | D:6      | Learned a level 1 spell: Summon Butterflies
  6808 | D:6      | Reached skill level 6 in Polearms
  6891 | D:7      | Noticed miro's ghost (experienced DrFE)
  7045 | D:8      | Reached skill level 7 in Polearms
  7351 | D:8      | Found a radiant altar of Vehumet.
  7409 | D:8      | Reached skill level 8 in Polearms
  7542 | D:8      | Found a sparkling altar of Nemelex Xobeh.
  7925 | D:8      | Reached skill level 9 in Polearms
  7959 | D:8      | Noticed Maurice
  7978 | D:8      | Killed Maurice
  7978 | D:8      | Reached skill level 4 in Dodging
  7978 | D:8      | Reached XP level 10. HP: 36/60 MP: 10/10
  7991 | D:8      | Reached skill level 5 in Dodging
  8514 | D:9      | Noticed Scisco's ghost (experienced MfIE)
  8813 | D:9      | Reached skill level 6 in Dodging
  9323 | D:10     | Entered Level 10 of the Dungeon
  9360 | D:10     | Noticed a centaur warrior
  9475 | D:10     | Identified a -2 rod of striking (14/14) (You found it on level 10 of the Dungeon)
  9554 | D:10     | Reached skill level 7 in Dodging
  9588 | D:10     | Found a staircase to the Orcish Mines.
  9714 | D:10     | Noticed a necromancer
  9714 | D:10     | Noticed a skeletal warrior
  9861 | D:10     | Killed a necromancer
  9861 | D:10     | Reached skill level 8 in Dodging
  9927 | D:10     | HP: 5/54 [necrophage (4)]
  9934 | D:10     | HP: 4/53 [poison (a potion of poison)]
  9965 | D:10     | Noticed Harold
 10201 | D:7      | Found a burning altar of Makhleb.
 10201 | D:7      | Found a snail-covered altar of Cheibriados.
 10203 | D:7      | Found a shimmering altar of Xom.
 10738 | D:7      | Reached skill level 9 in Dodging
 11083 | D:5      | Reached skill level 2 in Conjurations
 11120 | D:4      | Found Uka Daso's Antique Armour Emporium.
 11156 | D:4      | Killed Kashira's ghost
 11209 | D:4      | Found a white marble altar of Elyvilon.
 11209 | D:4      | Found an iron altar of Okawaru.
 11536 | D:10     | Shot with an arrow by a centaur warrior

Vanquished Creatures
  A necromancer (D:10)
  Maurice (D:8)
  Prince Ribbit (D:5)
  A wyvern (D:9)
  A flying skull (D:10)
  A hippogriff (D:10)
  A hungry ghost (D:10)
  A sky beast (D:8)
  A water moccasin (D:8)
  A black bear (D:4)
  2 orc warriors
  3 ice beasts
  5 ogres
  2 phantoms
  A necrophage (D:5)
  Sigmund (D:2)
  2 centaurs
  A big kobold (D:10)
  The ghost of Kashira the Skirmisher, an average VSFi (D:4)
  7 giant frogs
  2 scorpions
  9 killer bees
  4 crimson imps
  2 wights (D:10)
  A giant frog zombie (D:7)
  A giant frog skeleton (D:10)
  2 goliath beetles
  3 iguanas
  An orc priest (D:7)
  2 jellies
  4 hounds
  A centaur skeleton (D:10)
  6 orc wizards
  Natasha (thrice) (D:3)
  5 worker ants
  Jessica (D:2)
  An ogre skeleton (D:10)
  2 hound skeletons (D:10)
  A mummy (D:10)
  4 gnolls (D:6)
  2 shadow imps
  12 adders
  7 giant mites
  3 worms
  An adder zombie (D:10)
  An iguana skeleton (D:6)
  7 giant geckos
  4 oozes
  29 orcs
  2 ball pythons
  A bat skeleton (D:4)
  21 goblins
  12 hobgoblins
  7 jackals
  5 quokkas
  17 bats
  7 giant cockroaches
  10 giant newts
  A gnoll skeleton (D:4)
  A hobgoblin zombie (D:6)
  16 kobolds
  2 kobold zombies
  2 orc skeletons
  2 orc zombies
  18 rats
  A rat zombie (D:8)
281 creatures vanquished.

Vanquished Creatures (others)
  A centaur skeleton (D:8)
  An adder skeleton (D:10)
  A bat skeleton (D:10)
  An orc skeleton (D:7)
4 creatures vanquished.

Grand Total: 285 creatures vanquished
